 Dungeon Crawl Stone Soup version 0.23-a0-13-gb09bef45d9 (webtiles) character file.

57971 MirrMurr the Bludgeoner (level 14, 0/94 HPs)
             Began as a Gargoyle Berserker on Aug 2, 2018.
             Was a High Priest of Trog.
             Splashed by an acid dragon's acid (9 damage)
             ... on level 12 of the Dungeon.
             The game lasted 00:48:34 (19322 turns).

MirrMurr the Bludgeoner (Gargoyle Berserker)       Turns: 19322, Time: 00:48:35

Health: 0/94       AC: 25    Str: 25    XL:     14   Next: 88%
Magic:  4/4        EV: 11    Int:  7    God:    Trog [*****.]
Gold:   1227       SH: 10    Dex: 11    Spells: 13/13 levels left

rFire    . . .     SeeInvis .   a - +5 demon whip (antimagic)
rCold    . . .     Gourm    .   B - +1 buckler {AC+3}
rNeg     + . .     Faith    .   E - +0 plate armour
rPois    ∞         Spirit   .   (no helmet)
rElec    +         Reflect  +   y - +0 cloak {MR+}
rCorr    .         Harm     .   o - +2 pair of gloves
MR       +++..                  O - +0 pair of boots
Stlth    ..........             d - +5 amulet of reflection
HPRegen  0.25/turn              z - +3 ring of slaying
MPRegen  0.09/turn              M - ring of protection from magic

@: corroded, berserk cooldown, flying, slowed, very slow
A: big wings, negative energy resistance 1, electricity resistance, unbreathing,
petrification resistance, rot immunity, AC +10
a: Stop Flying, Berserk, Trog's Hand, Brothers in Arms, Renounce Religion


You were on level 12 of the Dungeon.
You worshipped Trog.
Trog was extremely pleased with you.
You were near starving.

You visited 3 branches of the dungeon, and saw 19 of its levels.
You also visited: Labyrinth.

You collected 1342 gold pieces.
You spent 115 gold pieces at shops.

Inventory:

Hand Weapons
 a - a +5 antimagic demon whip (weapon)
 b - a +0 hunting sling
 q - a +0 blowgun
Missiles
 f - 76 bolts
 g - 597 stones (quivered)
 h - 86 poisoned needles
 n - 198 sling bullets
 t - 3 throwing nets
 A - 8 curare-tipped needles
 K - 20 javelins
Armour
 o - a +2 pair of gloves (worn)
 y - a +0 cloak of magic resistance (worn)
 B - a +1 buckler of protection (worn)
 E - a +0 plate armour (worn)
 O - a +0 pair of boots (worn)
Jewellery
 d - a +5 amulet of reflection (around neck)
 z - a +3 ring of slaying (left hand)
 M - a ring of protection from magic (right hand)
 N - an uncursed ring of see invisible
Wands
 m - a wand of acid (27)
 G - a wand of flame (92)
 L - a wand of digging (57)
 Q - a wand of paralysis (15)
 W - a wand of iceblast (15)
 X - a wand of polymorph (14)
Scrolls
 k - 8 scrolls of teleportation
 l - 4 scrolls of enchant armour
 r - 8 scrolls of remove curse
 D - 2 scrolls of fog
 F - 2 scrolls of immolation
 U - 2 scrolls of magic mapping
Potions
 e - 8 potions of curing
 i - a potion of invisibility
 j - 2 potions of cancellation
 p - 2 potions of ambrosia
 s - 6 potions of mutation
 u - 6 potions of heal wounds
 v - 3 potions of haste
 w - 3 potions of lignification
 x - a potion of brilliance {unknown}
 H - a potion of might {unknown}
 I - 2 potions of flight
 P - a potion of agility {unknown}
Comestibles
 c - 28 rations
 C - 3 chunks of flesh


   Skills:
 + Level 13.3 Fighting
 * Level 16.4 Maces & Flails
 + Level 7.7 Slings
 - Level 2.1 Armour
 + Level 10.4 Dodging
 - Level 4.0 Shields


You had 13 spell levels left.
You didn't know any spells.
Your spell library was empty.

Dungeon Overview and Level Annotations

Branches:
Dungeon (12/15)            Temple (1/1) D:5            Lair (6/6) D:9
 Shoals (0/4) Lair:4        Snake (0/4) Lair:2        Slime (0/5) Lair:5
    Orc (0/2) D:9

Altars:
Ashenzari
Cheibriados
Dithmenos
Fedhas
Hepliaklqana
Makhleb
Okawaru
Qazlal
Trog
Wu Jian
The Shining One
Jiyva

Shops:
D:6 [   D:7 %

Annotations:
D:7 exclusion: upstairs
D:8 2 runed doors, rvm's ghost, novice DsCK
Lair:4 3 runed doors, Oppylety's ghost, journeyman GrFi


Innate Abilities, Weirdness & Mutations

You are resistant to torment.
Your stone body is resilient. (AC +10)
You are immune to poison.
Your large and strong wings let you fly indefinitely.
You resist negative energy. (rN+)
You are resistant to electric shocks. (rElec)
You can survive without breathing.
You are immune to petrification.
You are immune to rotting.


Message History

You see here a vampire mosquito corpse.
You see here a vampire mosquito corpse.
The skeletal warrior barely misses you.
Items here: ( ) [ †† a great mace of crushing; 6 stones; a shiny chain mail; a killer bee corpse the human corpse of Rupert
Things that are here:
a club; a scroll of fear; a killer bee corpse The skeletal warrior hits you from afar with a glaive!
* * * LOW HITPOINT WARNING * * *
A queen bee comes into view.
You block the skeletal warrior's attack.
An acid dragon comes into view.
The acid dragon roars!
A sky beast comes into view.
The acid dragon spits acid at you. The splash of acid hits you!
* * * LOW HITPOINT WARNING * * *
The acid corrodes you!
You are splashed with acid!
The acid burns!
You die...

......# #z# ......# #.# .).c..#
#z# .(.ZW.# # #†# .o.<..# ###.
#)#
#####........##########)#########
######........z............
#.D....z..z..........#
#.(.(@.z.............#
#.<.(.......!........#
#...(.†..............#
Y....y(................#
####('#####............. .....
#####.######## ..... #.# # .....
#$# # . #.# #


You could see 4 skeletal warriors, a queen bee, an acid dragon and a sky beast
(wandering).

Vanquished Creatures
  Rupert (D:12)
  A minotaur (Lab)
  A fire dragon (Lair:6)
  Josephine (Lair:4)
  The ghost of Gerstahl the Fighter, a journeyman DsMo of Dithmenos (D:11)
  6 hydras
  3 two-headed ogres
  Urug (Lair:2)
  Nergalle (Lair:1)
  A swamp dragon (Lair:6)
  A cyclops (D:12)
  4 oklob plants
  A wolf spider (D:12)
  A manticore (Lair:4)
  4 black mambas
  A torpor snail (Lair:4)
  10 spiny frogs
  2 minotaur zombies (Lab)
  A rime drake (Lair:3)
  3 trolls
  5 komodo dragons
  A hornet (D:9)
  9 polar bears (Lair:6)
  Prince Ribbit (D:9)
  6 slime creatures (D:12)
  9 hippogriffs
  13 dream sheep
  30 blink frogs
  A vampire (D:12)
  A wyvern (D:10)
  A human (D:10)
  5 wraiths
  44 yaks
  7 basilisks
  2 hungry ghosts
  4 steam dragons (Lair:6)
  4 vampire mosquitoes (D:12)
  4 wargs (Lair:6)
  Edmund (D:5)
  2 acid dragons (Lair:6)
  17 hell hounds (Lair:6)
  10 water moccasins
  9 porcupines
  2 orc warriors
  A swamp drake (Lair:6)
  A sky beast (D:9)
  11 black bears (Lair:6)
  2 ice beasts
  A necrophage (D:6)
  2 ogres
  13 wolves (Lair:6)
  2 centaurs
  13 crocodiles
  Blork the orc (D:4)
  12 bullfrogs
  3 big kobolds
  A gnoll sergeant (D:9)
  2 wyvern skeletons
  7 scorpions
  7 killer bees (D:12)
  5 electric eels
  9 wights
  A howler monkey (D:6)
  5 crimson imps
  A bullfrog zombie (D:5)
  A centaur zombie (D:6)
  2 hounds
  2 quasits
  5 orc priests
  2 jellies (D:9)
  5 orc wizards
  4 iguanas
  4 hell rats (Lair:4)
  11 worker ants
  A hound zombie (D:7)
  A hound skeleton (D:8)
  3 worker ant zombies
  8 gnolls
  16 adders
  3 shadow imps
  An ooze (D:6)
  An adder skeleton (D:9)
  2 worms
  2 dart slugs (D:1)
  2 leopard geckos
  26 orcs
  4 giant cockroaches
  6 goblins
  10 hobgoblins
  13 jackals
  22 kobolds
  4 ball pythons
  6 bats
  4 frilled lizards
  A goblin zombie (D:8)
  3 hobgoblin zombies (D:8)
  2 jackal skeletons
  A jackal zombie (D:5)
  3 kobold skeletons (D:8)
  A kobold zombie (D:8)
  A leopard gecko zombie (D:7)
  An orc skeleton (D:8)
  A quokka skeleton (D:8)
  2 quokka zombies
  4 rats
  3 plants
527 creatures vanquished.

Vanquished Creatures (others)
  A centaur (D:10)
  7 bushes (Lair:5)
  6 fungi
  42 plants
56 creatures vanquished.

Grand Total: 583 creatures vanquished

Notes
Turn   | Place    | Note
-------+----------+-------------------------------------------
     0 | D:1      | MirrMurr the Gargoyle Berserker began the quest for the Orb.
     0 | D:1      | Reached XP level 1. HP: 14/14 MP: 1/1
   297 | D:1      | Reached XP level 2. HP: 19/19 MP: 2/2
   823 | D:1      | Reached XP level 3. HP: 23/23 MP: 3/3
  1319 | D:2      | Reached ** piety under Trog
  2050 | D:2      | Found a snail-covered altar of Cheibriados.
  2051 | D:2      | Reached skill level 4 in Maces & Flails
  2051 | D:2      | Reached XP level 4. HP: 29/29 MP: 4/4
  2156 | D:3      | Found a faded altar of an unknown god.
  2266 | D:3      | Found an iron altar of Okawaru.
  3042 | D:4      | Reached XP level 5. HP: 29/33 MP: 5/5
  3236 | D:4      | Found a bloodstained altar of Trog.
  3236 | D:4      | Found a shattered altar of Ashenzari.
  3549 | D:4      | Reached skill level 5 in Maces & Flails
  3605 | D:4      | Reached XP level 6. HP: 38/39 MP: 6/6
  4010 | D:5      | Entered Level 5 of the Dungeon
  4060 | D:5      | Noticed Blork the orc
  4075 | D:4      | Killed Blork the orc
  4227 | D:5      | Reached skill level 1 in Shields
  4339 | D:5      | Noticed Edmund
  4355 | D:5      | Killed Edmund
  4355 | D:5      | Reached *** piety under Trog
  4355 | D:5      | Reached skill level 5 in Fighting
  4355 | D:5      | Reached XP level 7. HP: 44/44 MP: 7/7
  4456 | D:5      | Found a staircase to the Ecumenical Temple.
  4463 | Temple   | Entered the Ecumenical Temple
  4487 | D:5      | Found an ornate altar of the Wu Jian Council.
  4559 | D:5      | Reached skill level 6 in Maces & Flails
  4637 | D:5      | Found an ornate altar of the Wu Jian Council.
  4997 | D:6      | Reached XP level 8. HP: 50/50 MP: 8/8
  5144 | D:6      | Reached skill level 7 in Maces & Flails
  5617 | D:6      | Found Icisoweu's Armour Shoppe.
  5623 | D:6      | Bought a +0 cloak of magic resistance for 115 gold pieces
  5812 | D:7      | Found a hazy altar of Hepliaklqana.
  6238 | D:7      | Reached XP level 9. HP: 56/56 MP: 9/9
  6248 | D:7      | Reached skill level 8 in Maces & Flails
  6298 | D:7      | Found Komy's Food Shoppe.
  6444 | D:7      | Reached **** piety under Trog
  6736 | D:7      | Found a blossoming altar of Fedhas.
  7004 | D:7      | Got an ancient bone ring
  7287 | D:8      | Found a glowing golden altar of the Shining One.
  7386 | D:8      | Reached skill level 5 in Dodging
  7417 | D:8      | Reached skill level 9 in Maces & Flails
  7524 | D:8      | Found a shadowy altar of Dithmenos.
  7528 | D:8      | Found a stormy altar of Qazlal.
  7555 | D:8      | Noticed a two-headed ogre
  7570 | D:8      | Killed a two-headed ogre
  7570 | D:8      | Reached skill level 10 in Maces & Flails
  7570 | D:8      | Reached XP level 10. HP: 51/64 MP: 10/10
  7665 | D:8      | Found a burning altar of Makhleb.
  7704 | D:8      | Found a large runed door.
  7706 | D:8      | Found a large runed door.
  7711 | D:8      | Noticed rvm's ghost (novice DsCK)
  8057 | D:9      | Noticed a two-headed ogre
  8066 | D:9      | Killed a two-headed ogre
  8202 | D:9      | Found a staircase to the Lair.
  8233 | D:9      | Reached ***** piety under Trog
  8292 | D:9      | Reached skill level 11 in Maces & Flails
  8509 | D:9      | Noticed Prince Ribbit
  8524 | D:9      | Killed Prince Ribbit
  8609 | D:9      | Received a gift from Trog
  8766 | D:9      | Found a staircase to the Orcish Mines.
  8995 | D:10     | Entered Level 10 of the Dungeon
  9020 | D:10     | Reached XP level 11. HP: 67/71 MP: 11/11
  9065 | D:10     | Identified the ring of Morality {rN+ Str-4 Dex+5 Stlth+} (You found it on level 7 of the Dungeon)
  9296 | D:10     | Noticed a two-headed ogre
  9312 | D:10     | Killed a two-headed ogre
  9890 | D:11     | Found a runed door.
  9890 | D:11     | Noticed Gerstahl's ghost (journeyman DsMo)
 10176 | D:11     | Reached skill level 12 in Maces & Flails
 10379 | D:11     | Reached skill level 10 in Fighting
 10624 | D:11     | Killed Gerstahl's ghost
 10738 | Lair:1   | Entered Level 1 of the Lair of Beasts
 10935 | Lair:1   | Reached skill level 1 in Slings
 11006 | Lair:1   | Reached skill level 13 in Maces & Flails
 11123 | Lair:1   | Reached XP level 12. HP: 79/79 MP: 12/12
 11388 | Lair:1   | Noticed Nergalle
 11806 | Lair:1   | Killed Nergalle
 12370 | Lair:2   | Noticed a six-headed hydra
 12375 | Lair:2   | Killed a six-headed hydra
 12476 | Lair:2   | Found a staircase to the Snake Pit.
 12616 | Lair:2   | Found an iron altar of Okawaru.
 12616 | Lair:2   | Noticed Urug
 12627 | Lair:2   | Killed Urug
 13030 | Lair:2   | Received a gift from Trog
 13098 | Lair:3   | Noticed an eight-headed hydra
 13108 | Lair:3   | Killed an eight-headed hydra
 13172 | Lair:3   | Reached skill level 14 in Maces & Flails
 13342 | Lair:3   | Received a gift from Trog
 13782 | Lair:4   | Noticed a five-headed hydra
 13811 | Lair:4   | Killed a five-headed hydra
 13811 | Lair:4   | Reached XP level 13. HP: 70/84 MP: 13/13
 14083 | Lair:4   | Found a runed gate.
 14084 | Lair:4   | Found a runed gate.
 14085 | Lair:4   | Found a runed gate.
 14129 | Lair:4   | Reached skill level 5 in Slings
 14278 | Lair:4   | Found a staircase to the Shoals.
 14310 | Lair:4   | Noticed Josephine
 14333 | Lair:4   | Killed Josephine
 14563 | Lair:4   | Noticed Oppylety's ghost (journeyman GrFi)
 14564 | Lair:4   | Noticed Oppylety's ghost (journeyman GrFi)
 15028 | Lair:5   | Found a staircase to the Slime Pits.
 15030 | Lair:5   | Found a viscous altar of Jiyva.
 15144 | Lair:5   | Reached skill level 15 in Maces & Flails
 16012 | Lair:6   | Entered Level 6 of the Lair of Beasts
 16018 | Lair:6   | Found a labyrinth entrance.
 16027 | Lab      | Entered a labyrinth
 16299 | Lab      | Noticed a minotaur
 16312 | Lab      | Killed a minotaur
 16684 | Lair:6   | Gained mutation: Your large and strong wings let you fly indefinitely. [Gargoyle growth]
 16684 | Lair:6   | Reached XP level 14. HP: 65/92 MP: 14/14
 16691 | Lair:6   | Received a gift from Trog
 17085 | Lair:6   | Received a gift from Trog
 17126 | Lair:6   | Reached skill level 10 in Dodging
 17458 | Lair:6   | Reached skill level 16 in Maces & Flails
 17711 | Lair:6   | Got a crude brass ring
 17712 | Lair:6   | Identified the ring of the Harvest {rPois Str-3 Int+2 Dex+2} (You found it on level 6 of the Lair of Beasts)
 18705 | D:12     | Received a gift from Trog
 19193 | D:12     | Noticed Rupert
 19288 | D:12     | Killed Rupert
 19322 | D:12     | Splashed by an acid dragon's acid

Vault maps used:
D:1:      minmay_arrival_open_corners
D:2:      marbit_many_paths
D:3:      nicolae_overflow_crystal_walls, chequers_ecumenical_altar_simple_redux
D:4:      gammafunk_temple_overflow_statue, first_ration
D:5:      kennysheep_mini_moat, minmay_temple_entry_trees, basic_altar,
          minivault_5, zaba_anthole, st_stairs_1, uniq_edmund,
          uniq_blork_the_orc
D:6:      serial_shops, nicolae_shop_statue_plus
D:7:      fedhas_altar_decomposition, old_standard_altar, serial_shops, shop
D:8:      nicolae_tso_besieged_by_evil, overflow_temple_1_default,
          chequers_temple_overflow_statue_of_worship,
          ebering_ghost_disaster_area
D:9:      lair_entry_dummy, orc_0_dummy, uniq_prince_ribbit1
D:10:     grunt_pizzeria
D:11:     hellmonk_ghost_happy_afterlife
D:12:     nicolae_looking_at_the_future, uniq_rupert
Temple:   minmay_temple_curvy_loop
Lair:1:   infiniplex_staircase_pool_2, uniq_nergalle
Lair:2:   minmay_snake_entry_six_corridors, basic_altar, serial_bayou_shore_b,
          uniq_urug
Lair:3:   nicolae_quartered_pool_super, small_statue_intersection
Lair:4:   minmay_shoals_entry_beasts, gammafunk_ghost_cemetery,
          grunt_megastairs_2, infiniplex_staircase_pool, uniq_josephine
Lair:5:   slime_altar_1, minmay_hedge_maze, dpeg_oklob_1
Lair:6:   guppyfry_lair_end_dragon, hangedman_lair_caniforms_friends,
          lab_entry_generic, serial_bayou_pond_c, serial_bayou_shore_a,
          serial_bayou_shore_b
Lab:      labyrinth_hidden_loot, nicolae_lab_hexagon,
          labyrinth_skeletal_remains, nicolae_lab_starburst

Skill      XL: |  1  2  3  4  5  6  7  8  9 10 11 12 13 14 |
---------------+-------------------------------------------+-----
Dodging        | 2 3 4 5 6 7 8 9 10 | 10.4
Maces & Flails | 4 5 6 7 10 11 13 14 15 16 | 16.4
Fighting       | 4 5 6 8 9 10 11 12 13 | 13.3
Shields        | 1 3 4 |  4.0
Slings         | 1 4 6 7 |  7.7
Armour         | |  2.1

Action                   |  1- 3 |  4- 6 |  7- 9 | 10-12 | 13-15 || total
-------------------------+-------+-------+-------+-------+-------++-------
Melee: Mace              |   163 |   129 |   390 |       |       ||   682
       Morningstar       |       |       |    42 |   463 |   590 ||  1095
       Demon whip        |       |       |       |       |   158 ||   158
 Fire: Hunting sling     |       |    49 |    26 |   232 |   131 ||   438
Throw: Stone             |     3 |       |       |       |       ||     3
Invok: Berserk           |     1 |     3 |     2 |     1 |     4 ||    11
       Trog's Hand       |       |       |     1 |     2 |     1 ||     4
 Abil: Fly               |       |       |       |       |     1 ||     1
Evoke: Wand              |       |       |       |       |     1 ||     1
  Use: Scroll            |     6 |     7 |     6 |     5 |    10 ||    34
 Stab: Sleeping          |       |       |     1 |       |       ||     1
  Eat: Chunk             |     5 |     9 |     8 |    12 |    18 ||    52
       Ration            |       |       |     3 |     2 |     1 ||     6
Armor: Animal skin       |    59 |       |       |       |       ||    59
       Ring mail         |    25 |    58 |    69 |       |       ||   152
       Scale mail        |       |       |    35 |       |       ||    35
       Plate armour      |       |       |    62 |   231 |   338 ||   631
Dodge: Dodged            |   133 |    65 |   155 |   115 |   262 ||   730
Block: Other             |       |    13 |       |       |       ||    13
       Buckler           |       |    36 |   196 |   234 |   318 ||   784
       Reflection        |       |       |     8 |    14 |     5 ||    27

Table legend:
 A = Spawn XP
 B = Non-spawn XP
 C = Spawn XP percentage of total XP
 D = Spawn monster count
 E = Non-spawn monster count
 F = Spawn count percentage of total count
 G = Total turns spent on level
                    A         B        C        D         E        F      G
               +---------+---------+-------+---------+---------+-------+---------
         Total |       0 |   82817 |   0.0 |       0 |     525 |   0.0 | 19322
               +---------+---------+-------+---------+---------+-------+---------
           D:1 |       0 |      44 |   0.0 |       0 |      24 |   0.0 |  1284
           D:2 |       0 |      39 |   0.0 |       0 |      16 |   0.0 |   814
           D:3 |       0 |      27 |   0.0 |       0 |      14 |   0.0 |   903
           D:4 |       0 |     315 |   0.0 |       0 |      10 |   0.0 |  1160
           D:5 |       0 |     674 |   0.0 |       0 |      26 |   0.0 |   814
           D:6 |       0 |     797 |   0.0 |       0 |      17 |   0.0 |  1051
           D:7 |       0 |     980 |   0.0 |       0 |      26 |   0.0 |  1190
           D:8 |       0 |    2383 |   0.0 |       0 |      42 |   0.0 |   812
           D:9 |       0 |    3725 |   0.0 |       0 |      25 |   0.0 |  1015
          D:10 |       0 |    2071 |   0.0 |       0 |      20 |   0.0 |   900
          D:11 |       0 |    3840 |   0.0 |       0 |      18 |   0.0 |   920
          D:12 |       0 |    8561 |   0.0 |       0 |      41 |   0.0 |   639
        Lair:1 |       0 |    5868 |   0.0 |       0 |      23 |   0.0 |  1309
        Lair:2 |       0 |    7015 |   0.0 |       0 |      34 |   0.0 |  1082
        Lair:3 |       0 |    3626 |   0.0 |       0 |      16 |   0.0 |   644
        Lair:4 |       0 |   10779 |   0.0 |       0 |      37 |   0.0 |  1017
        Lair:5 |       0 |    8213 |   0.0 |       0 |      31 |   0.0 |  1315
        Lair:6 |       0 |   21833 |   0.0 |       0 |     102 |   0.0 |  1863
           Lab |       0 |    2027 |   0.0 |       0 |       3 |   0.0 |   588
               +---------+---------+-------+---------+---------+-------+---------
